Map: Ley Lines

Players

LigerMaNN - Winner!

  • Race: Zerg Zerg
  • League: Diamond
  • Spawn Location: 7:00

Peej

  • Race: Terran Terran
  • League: Diamond
  • Spawn Location: 1:00

VOD

Have the link to the VOD?

Description

Time

  • Played on: June 28, 2025, 3:25 p.m.
  • Length: 4:55
Show
View Real Time Build Order
Export as new Build Order

LigerMaNN Zerg - Winner!

Build Orders: Hatch First, Zergling Baneling 

Get SALT Encoding   

  12  0:00  Drone  
  13  0:12  Overlord  
  13  0:17  Drone  
  14  0:32  Drone x2  
  16  0:48  Hatchery  
  15  0:51  Drone  
  15  0:55  Drone  
  17  0:58  Drone  
  18  1:15  Extractor  
  18  1:16  Spawning Pool  
  18  1:18  Drone  
  17  1:22  Drone  
  18  1:28  Drone  
  19  1:41  Drone  
  20  1:49  Drone  
  21  1:59  Overlord  
  21  2:03  Queen x2  
  21  2:05  Zergling x2  
  26  2:26  Metabolic Boost  
  26  2:31  Drone x4  
  30  2:41  Hatchery  
  30  2:44  Zergling x2  
  30  2:49  Overlord  
  30  2:52  Zergling x2  
  30  2:55  Zergling x2  
  32  3:01  Zergling x4  
  34  3:06  Overlord  
  34  3:07  Zergling x2  
  35  3:32  Zergling x14  
  42  3:39  Baneling Nest  
  37  4:04  Zergling x22  
  45  4:18  Zergling x12  
  51  4:24  Baneling x6  
  51  4:25  Baneling x2  
  51  4:26  Baneling  
  51  4:27  Baneling  
  51  4:29  Baneling  
  51  4:30  Baneling  
  51  4:34  Baneling  
Show
View Real Time Build Order
Export as new Build Order

Peej Terran 

Build Orders: Command Center First 

Get SALT Encoding   

  12  0:00  SCV  
  13  0:12  SCV  
  14  0:24  SCV  
  14  0:25  Supply Depot  
  15  0:54  Command Center  
  15  0:57  SCV  
  16  1:11  Barracks  
  16  1:14  SCV  
  17  1:23  Engineering Bay  
  17  1:26  SCV  
  18  1:36  Supply Depot  
  18  1:38  SCV  
  19  1:51  SCV  
  20  1:58  Marine  
  21  2:07  Missile Turret  
  21  2:09  Orbital Command  
  21  2:16  Marine  
  22  2:24  Supply Depot  
  22  2:25  Orbital Command  
  22  2:28  Orbital Command  
  22  2:34  Marine  
  23  2:46  Supply Depot  
  23  2:54  Barracks  
  23  2:57  SCV  
  24  2:58  Marine  
  25  3:08  SCV  
  25  3:09  Missile Turret  
  26  3:21  SCV  
  26  3:22  Refinery, SCV  
  26  3:23  Refinery  
  26  3:26  Refinery  
  28  3:27  Refinery  
  28  3:34  SCV x2  
  30  3:44  Marine x2  
  30  3:46  SCV x2  
  34  3:58  SCV x2  
  34  4:02  Marine x2  
  38  4:10  SCV x2  
  40  4:19  Marine  
  40  4:20  Marine  
  40  4:23  Command Center, Factory  
  40  4:24  SCV x2  
  44  4:41  Supply Depot, Barracks Tech Lab, Barracks Reactor  
  44  4:43  Supply Depot  
Tags
 
Add a new tag
Caveats
  • Supply blocks, unpowered buildings, or Contaminate may cause inaccurate times.
  • Supply counts are checked every 10 seconds.